 Dungeon Crawl Stone Soup version 0.28-a0-1347-g113dc556a4 (webtiles) character file.

Game seed: 14865556286056427819

406 AigisTheKnight the Ducker (level 7, -7/50 HPs)
             Began as a Djinni Venom Mage on Dec 29, 2021.
             Mangled by Blork the orc (12 damage)
             ... on level 4 of the Dungeon.
             The game lasted 00:12:38 (6388 turns).

AigisTheKnight the Ducker (Djinni Venom Mage)       Turns: 6388, Time: 00:12:39

Health: -7/50      AC:  2    Str:  7    XL:     7   Next: 12%
Gold:   99         EV: 13    Int: 19    God:
                   SH:  0    Dex: 13

rFire   + + +      SeeInvis .   h - +0 whip
rCold   x . .      Faith    .   (no shield)
rNeg    + . .      Spirit   .   a - +0 robe
rPois   ∞          Reflect  .   (no helmet)
rElec   .          Harm     .   (no cloak)
rCorr   .          Rampage  .   (no gloves)
Will    .....                   (boots unavailable)
Stlth   ++........              (no amulet)
HPRegen 0.16/turn               e - ring of protection from fire
MPRegen 0.00/turn               c - ring of positive energy

@: on blink cooldown, flying
A: sickness immunity, fire resistance 2, cold vulnerability 1, float, innate
caster, hp casting, extra vitality 1
a: no special abilities


You were on level 4 of the Dungeon.
You visited 1 branch of the dungeon, and saw 4 of its levels.

You collected 99 gold pieces.

Inventory:

Hand Weapons
 h - a +0 whip (weapon)
Missiles
 i - 13 poisoned darts (quivered)
 k - a throwing net
Armour
 a - a +0 robe (worn)
 l - a +2 scale mail of fire resistance
Jewellery
 c - a ring of positive energy (right hand)
 e - a ring of protection from fire (left hand)
 r - a ring of protection from fire
Scrolls
 b - 2 scrolls of identify {unknown}
 f - 3 scrolls of blinking {unknown}
 g - a scroll of summoning {unknown}
 j - a scroll of amnesia {unknown}
 m - a scroll of enchant weapon {unknown}
 p - a scroll of magic mapping {unknown}
Potions
 d - a potion of heal wounds {unknown}
 n - a potion of might {unknown}
 o - a potion of flight {unknown}
 q - a potion of ambrosia {unknown}
 s - a potion of brilliance {unknown}
 t - a potion of resistance {unknown}


   Skills:
 + Level 3.6 Fighting
 + Level 4.7 Dodging
 - Level 1.7 Stealth
 + Level 3.8 Spellcasting


You couldn't memorise any spells.
You knew the following spells:

 Your Spells              Type           Power      Damage    Failure   Level
a - Sting                 Tmut/Pois      72%        1d6       3%          1
b - Poisonous Vapours     Pois/Air       36%        N/A       4%          2
c - Mephitic Cloud        Conj/Pois/Air  18%        N/A       9%          3
d - Olgreb's Toxic Radia  Pois           18%        N/A       28%         4
e - Freeze                Ice            72%        1d9       3%          1
f - Blink                 Tloc           36%        N/A       4%          2
g - Ozocubu's Armour      Ice            18%        N/A       9%          3
Your spell library was empty.

Dungeon Overview and Level Annotations

Branches:
Dungeon (4/15)
 Temple: D:4-7

Altars:
Hepliaklqana
Trog

Annotations:
D:4 Blork the orc


Innate Abilities, Weirdness & Mutations

You are immune to sickness and miasma.
You are immune to poison.
Your flesh is very heat resistant. (rF++)
You are vulnerable to cold. (rC-)
You float through the air rather than walking.
You learn spells naturally, not from books.
Your magical power is your life essence.
You have superior vitality. (+4 MHP)


Message History

The water moccasin skeleton bites you but does no damage.
Casting: Sting (safe; 3% risk of failure)
Confirm with . or Enter, or press ? or * to list all spells.
Aiming: Sting (safe; 3% risk of failure)
Press: ? - help, Shift-Dir - straight line, f/p - water moccasin skeleton
Aim: a water moccasin skeleton (lightly damaged, 81% to hit)
The sting hits the water moccasin skeleton.
The water moccasin skeleton partially resists.
The water moccasin skeleton is moderately damaged.
The water moccasin skeleton bites you.
Casting: Sting (safe; 3% risk of failure)
Confirm with . or Enter, or press ? or * to list all spells.
Aiming: Sting (safe; 3% risk of failure)
Press: ? - help, Shift-Dir - straight line, f/p - water moccasin skeleton
Aim: a water moccasin skeleton (moderately damaged, 81% to hit)
The sting hits the water moccasin skeleton.
The water moccasin skeleton partially resists.
The water moccasin skeleton is moderately damaged.
* * * LOW HITPOINT WARNING * * *
Blork the orc looks encouraged for a moment.
The water moccasin skeleton bites you.
* * * LOW HITPOINT WARNING * * *
Your icy armour will break if you move.
Continue?
Your icy armour cracks and falls away as you move.
The water moccasin skeleton bites you.
* * * LOW HITPOINT WARNING * * *
You see here 10 bolts.
Casting: Sting (safe; 3% risk of failure)
Confirm with . or Enter, or press ? or * to list all spells.
Okay, then.
Casting: Sting (safe; 3% risk of failure)
Confirm with . or Enter, or press ? or * to list all spells.
You don't know that spell.
Unknown command.
Casting: Sting (safe; 3% risk of failure)
Confirm with . or Enter, or press ? or * to list all spells.
You blink.
* * * LOW HITPOINT WARNING * * *
Blork the orc hits you with a +0 long sword!
You die...

##+#######
#########
...o.....#
#.@o§...#
.........#
#.####.##
.......[.# #Z#
#.# .........#
#.# #.#
......!..# #.#
#.#
.........#####.#
#.#
##......†.o....#
#.#
###############
#.# #.#####.##


You could see Blork the orc (fast) and a water moccasin skeleton.

Vanquished Creatures
  A sky beast (D:3)
  A scorpion (D:4)
  A jelly (D:3)
  An orc wizard (D:3)
  A hound skeleton (D:4)
  4 gnolls (D:2)
  3 adders
  A worm (D:2)
  4 dart slugs
  7 orcs (D:3)
  14 endoplasms
  5 giant cockroaches
  6 goblins
  9 hobgoblins
  9 jackals
  14 kobolds
  3 quokkas
  4 ball pythons
  5 bats
  4 frilled lizards
  6 rats
103 creatures vanquished.

Vanquished Creatures (others)
  9 toadstools (D:3)
9 creatures vanquished.

Grand Total: 112 creatures vanquished

Notes
Turn   | Place    | Note
-------+----------+-------------------------------------------
     0 | D:1      | AigisTheKnight the Djinni Venom Mage began the quest for
                  | the Orb.
     0 | D:1      | Reached XP level 1. HP: 15/15 MP: 0/0
   442 | D:1      | Reached XP level 2. HP: 2/21 MP: 0/0
  1320 | D:1      | Reached skill level 1 in Fighting
  1361 | D:1      | Reached XP level 3. HP: 27/27 MP: 0/0
  1361 | D:1      | Learned a level 1 spell: Freeze
  1922 | D:1      | Found a faded altar of an unknown god.
  2480 | D:2      | Reached skill level 3 in Dodging
  2480 | D:2      | Reached XP level 4. HP: 23/32 MP: 0/0
  3015 | D:2      | Reached XP level 5. HP: 17/38 MP: 0/0
  3015 | D:2      | Learned a level 2 spell: Blink
  3534 | D:2      | You are sucked into a shaft and drop 1 floor!
  4166 | D:3      | Noticed a sky beast
  4298 | D:3      | Killed a sky beast
  4299 | D:3      | Reached skill level 4 in Dodging
  4299 | D:3      | Reached XP level 6. HP: 40/45 MP: 0/0
  5032 | D:3      | Found a bloodstained altar of Trog.
  5176 | D:3      | Found a hazy altar of Hepliaklqana.
  6365 | D:4      | Reached XP level 7. HP: 23/50 MP: 0/0
  6365 | D:4      | Learned a level 3 spell: Ozocubu's Armour
  6367 | D:4      | Noticed Blork the orc
  6388 | D:4      | Mangled by Blork the orc

Illustrated notes

Levels and vault maps discovered:
D:1:      saegor_arrival_simple_d, layout_loops_corners,
          shapermc_ecumenical_altar_hornbeckon, minmay_tall_x
D:2:      minmay_recursive_quarters, layout_loops_cross
D:3:      cheibrodos_fertilizer, layout_basic, trog_three_pillars_becter,
          nzn_hepliaklqana_mist_gate, lemuel_old_faithful
D:4:      minmay_evil_eye, layout_basic, portal_sewer_entry_b,
          gammafunk_ghost_mausoleum, uniq_blork_the_orc

Skill      XL: |  1  2  3  4  5  6 |
---------------+-------------------+-----
Fighting       | 1 2 3 |  3.6
Dodging        | 3 4 |  4.7
Spellcasting   | 3 |  3.8
Stealth        | |  1.7

Action                   |  1- 3 |  4- 6 |  7- 9 || total
-------------------------+-------+-------+-------++-------
Melee: Whip              |    11 |    39 |       ||    50
 Cast: Sting             |    57 |    93 |     5 ||   155
       Poisonous Vapours |     5 |    12 |       ||    17
       Olgreb's Toxic Ra |       |     5 |       ||     5
       Freeze            |       |     3 |       ||     3
       Blink             |       |       |     1 ||     1
       Ozocubu's Armour  |       |       |     1 ||     1
Armor: Robe              |     5 |    10 |     1 ||    16
Dodge: Dodged            |    23 |    47 |     2 ||    72

Table legend: (Time is in decaauts)
 A = Elapsed time spent in this place.
 B = Non-inter-level travel time spent in this place.
 C = Inter-level travel time spent in this place.
 D = Time resting spent in this place.
 E = Time spent auto-exploring this place.
 F = Levels seen in this place.
 G = Mean time per level.
                   A        B        C        D        E       F      G
               +--------+--------+--------+--------+--------+-----+--------+
         Total |   6392 |   6063 |    329 |   1726 |   3452 |   4 | 1598.0 |
       Dungeon |   6392 |   6063 |    329 |   1726 |   3452 |   4 | 1598.0 |
               +--------+--------+--------+--------+--------+-----+--------+

Top non-repeatable levels by time:
     D:1: 2116 daAuts
     D:3: 2081 daAuts
     D:2: 2024 daAuts
     D:4: 169 daAuts
